 Dungeon Sprint DCSS version 0.22.1-1-ga44c0e56f4 (webtiles) character file.

6701 MuseOD the Unseen (level 10, -12/51 HPs)
             Began as a Spriggan Enchanter on Sept 22, 2018.
             Was a High Priest of Dithmenos.
             Mangled by a yaktaur captain (21 damage)
             ... in the Dungeon (Sprint II: "The Violet Keep of Menkaure").
             The game lasted 00:04:57 (2011 turns).

MuseOD the Unseen (Spriggan Enchanter)              Turns: 2011, Time: 00:04:57

Health: -12/51     AC:  4    Str:  4    XL:     10   Next: 74%
Magic:  19/29      EV: 18    Int: 20    God:    Dithmenos [*****.]
Gold:   1061       SH:  0    Dex: 17    Spells: 25/37 levels left

rFire    . . .     SeeInvis +   a - +1 dagger
rCold    + . .     Gourm    .   (shield restricted)
rNeg     . . .     Faith    .   i - +2 robe {rC+}
rPois    .         Spirit   .   (helmet restricted)
rElec    .         Reflect  .   (no cloak)
rCorr    .         Harm     .   (gloves unavailable)
MR       +....     NoTele   +   (boots unavailable)
Stlth    ++++++++++             (no amulet)
HPRegen  0.17/turn              (no ring)
MPRegen  0.21/turn              (no ring)

@: wreathed by umbra, very quick
A: very small, unfitting armour, see invisible, herbivore, speed 3, slow
metabolism 2
a: Shadow Step, Shadow Form, Renounce Religion


You were in the Dungeon.
You worshipped Dithmenos.
Dithmenos was extremely pleased with you.
You were not hungry.

You visited 1 branch You collected 1307 gold pieces.
You spent 246 gold pieces at shops.

Inventory:

Hand Weapons
 a - a +1 dagger (weapon)
Armour
 b - a +0 robe
 i - a +2 robe of cold resistance (worn)
Scrolls
 j - a scroll of blinking
Potions
 c - 4 potions of flight
 e - 5 potions of curing
 g - a potion of haste
 h - 2 potions of magic
Comestibles
 d - a ration


   Skills:
 - Level 5.2 Fighting
 + Level 11.4 Short Blades
 - Level 3.0 Dodging
 + Level 20.7 Stealth
 - Level 14.2 Spellcasting
 + Level 3.8 Conjurations
 - Level 14.3 Hexes


You had 25 spell levels left.
You knew the following spells:

 Your Spells              Type           Power        Failure   Level  Hunger
a - Corona                Hex            ######.      0%          1    None
b - Ensorcelled Hibernat  Hex/Ice        #####.       1%          2    None
c - Confuse               Hex            ######..     1%          3    None
d - Dazzling Spray        Conj/Hex       ######       1%          3    None
e - Tukima's Dance        Hex            ######..     1%          3    None

Your spell library contained the following spells:

 Spells                   Type           Power        Failure   Level  Hunger


Dungeon Overview and Level Annotations

Branches:
Dungeon (1/1)

Altars:
Cheibriados
Dithmenos
Elyvilon
Fedhas
Gozag
Hepliaklqana
Kikubaaqudgha
Makhleb
Nemelex Xobeh
Okawaru
Qazlal
Ru
Sif Muna
Trog
Uskayaw
Vehumet
Wu Jian
Xom
Yredelemnul
Zin
The Shining One
Beogh
Jiyva
Lugonu

Shops:
D }=:???!%:(([[![=

Annotations:
D exclusions: Roxanne and oklob plant, Kirke, Roxanne


Innate Abilities, Weirdness & Mutations

You are very small and have problems with some larger weapons.
You are too small for most types of armour.
You have supernaturally acute eyesight. (SInv)
You are a herbivore.
You cover ground extremely quickly.
You need to consume almost no food.


Message History

Confirm with . or Enter, or press ? or * to list all spells.
Aiming: Confuse (safe; 1% risk of failure)
Press: ? - help, Shift-Dir - straight line, f/p - yaktaur captain
Aim: a yaktaur captain (umbra, chance to defeat MR: 45%)
The yaktaur captain resists with some effort.
The yaktaur captain hits you!!
Ouch! That really hurt!
* * * LOW HITPOINT WARNING * * *
You emit a cloud of dark smoke.
You feel much better. The yaktaur captain hits you!
* * * LOW HITPOINT WARNING * * *
You emit a cloud of dark smoke.
Casting: Confuse (safe; 1% risk of failure)
Confirm with . or Enter, or press ? or * to list all spells.
Aiming: Confuse (safe; 1% risk of failure)
Press: ? - help, Shift-Dir - straight line, f/p - yaktaur captain
Aim: a yaktaur captain (black smoke, umbra, chance to defeat MR: 45%)
The yaktaur captain resists with some effort.
The yaktaur captain hits you!!
You die...

####§#### ##§§§§§.≈##
###.§§§§§≈≈≈## ### c
'≈§≈§§8§§§≈≈##++
#.Y@####≈≈≈§§§§.§##≈..
#$Kzc@§##§§.§§§≈##e≈^.
############§§#+++#+++#####^
###########≈§§..≈.≈.≈≈≈#..'^
##........#≈≈≈≈.##'##..#..##
##....⌠...#≈≈≈≈####≈##.####.
##...∩.∩..#≈≈≈≈#..##.# ...#.
##..∩.∩.∩.#≈≈####...####..##
##.∩.∩.∩.∩#≈##÷###'###.##..#
##∩.∩...∩.#≈#.#.##.##...#..#


You could see Kirke, a yaktaur captain and a skeletal warrior.

Vanquished Creatures
  A crystal guardian (D)
  2 death drakes (D)
  3 manticores (D)
  A merfolk siren (D)
  A yaktaur (D)
  3 polar bears (D)
  A hornet (D)
  2 hippogriffs (D)
  2 redbacks (D)
  3 yaks (D)
  A vampire mosquito (D)
  4 neqoxecs (D)
  Menkaure (D)
  2 swamp drakes (D)
  4 necrophages (D)
  A crocodile (D)
32 creatures vanquished.

Vanquished Creatures (others)
  A crocodile (D)
1 creature vanquished.

Grand Total: 33 creatures vanquished

Notes
Turn   | Place    | Note
-------+----------+-------------------------------------------
     0 | D        | MuseOD the Spriggan Enchanter began the quest for the Orb.
     0 | D        | Reached XP level 1. HP: 9/9 MP: 5/5
     1 | D        | Noticed a merfolk siren
    15 | D        | Killed a merfolk siren
    15 | D        | Reached skill level 5 in Fighting
    15 | D        | Reached skill level 10 in Short Blades
    15 | D        | Reached skill level 10 in Stealth
    15 | D        | Reached XP level 2. HP: 2/18 MP: 6/6
    15 | D        | Reached XP level 3. HP: 3/23 MP: 8/8
    15 | D        | Reached XP level 4. HP: 4/27 MP: 9/9
    15 | D        | Reached XP level 5. HP: 4/30 MP: 10/10
    15 | D        | Reached XP level 6. HP: 5/35 MP: 11/11
    22 | D        | Learned a level 2 spell: Ensorcelled Hibernation
    26 | D        | Learned a level 3 spell: Confuse
    30 | D        | Learned a level 3 spell: Dazzling Spray
   287 | D        | Found an iron altar of Okawaru.
   287 | D        | Found a radiant altar of Vehumet.
   287 | D        | Found a glowing silver altar of Zin.
   288 | D        | Found a sparkling altar of Nemelex Xobeh.
   288 | D        | Found a hide-covered altar of Uskayaw.
   288 | D        | Found a basalt altar of Yredelemnul.
   289 | D        | Found an opulent altar of Gozag.
   289 | D        | Found a burning altar of Makhleb.
   289 | D        | Found a bloodstained altar of Trog.
   290 | D        | Found a blossoming altar of Fedhas.
   290 | D        | Found a corrupted altar of Lugonu.
   290 | D        | Found a deep blue altar of Sif Muna.
   291 | D        | Found a white marble altar of Elyvilon.
   291 | D        | Found an ancient bone altar of Kikubaaqudgha.
   292 | D        | Found a shadowy altar of Dithmenos.
   292 | D        | Found a viscous altar of Jiyva.
   293 | D        | Found a snail-covered altar of Cheibriados.
   295 | D        | Noticed a yaktaur
   295 | D        | Noticed a hornet
   295 | D        | Noticed a polar bear
   296 | D        | Noticed a polar bear
   296 | D        | Noticed a polar bear
   297 | D        | Killed a polar bear
   297 | D        | Reached skill level 12 in Stealth
   297 | D        | Reached skill level 5 in Spellcasting
   297 | D        | Reached XP level 7. HP: 39/39 MP: 11/16
   304 | D        | Killed a polar bear
   304 | D        | Reached skill level 13 in Stealth
   307 | D        | Killed a hornet
   307 | D        | Reached skill level 14 in Stealth
   315 | D        | Killed a yaktaur
   315 | D        | Reached XP level 8. HP: 43/43 MP: 3/22
   322 | D        | Killed a polar bear
   322 | D        | Reached skill level 15 in Stealth
   330 | D        | Found a roughly hewn altar of Beogh.
   332 | D        | Found a shimmering altar of Xom.
   332 | D        | Found a sacrificial altar of Ru.
   332 | D        | Found a hazy altar of Hepliaklqana.
   333 | D        | Found a glowing golden altar of the Shining One.
   333 | D        | Found an ornate altar of the Wu Jian Council.
   333 | D        | Found a stormy altar of Qazlal.
   338 | D        | Became a worshipper of Dithmenos the Shadowed
   350 | D        | Reached skill level 10 in Spellcasting
   350 | D        | Reached skill level 10 in Hexes
   433 | D        | Noticed a death drake
   436 | D        | Noticed a manticore
   437 | D        | Noticed a manticore
   437 | D        | Noticed a manticore
   438 | D        | Killed a manticore
   438 | D        | Reached skill level 16 in Stealth
   439 | D        | Killed a manticore
   439 | D        | Reached * piety under Dithmenos
   439 | D        | Reached XP level 9. HP: 47/47 MP: 16/25
   446 | D        | Killed a manticore
   446 | D        | Reached skill level 17 in Stealth
   726 | D        | Noticed a deep elf master archer
   733 | D        | Reached ** piety under Dithmenos
   913 | D        | Learned a level 3 spell: Tukima's Dance
  1170 | D        | HP: 2/47 [deep elf master archer/arrow (31)]
  1477 | D        | Noticed a death drake
  1477 | D        | Noticed a crystal guardian
  1478 | D        | Reached skill level 18 in Stealth
  1481 | D        | Killed a crystal guardian
  1482 | D        | Killed a death drake
  1482 | D        | Reached *** piety under Dithmenos
  1482 | D        | Reached skill level 19 in Stealth
  1482 | D        | Reached XP level 10. HP: 51/51 MP: 26/28
  1484 | D        | Killed a death drake
  1505 | D        | Reached skill level 1 in Conjurations
  1533 | D        | Reached **** piety under Dithmenos
  1533 | D        | Reached skill level 20 in Stealth
  1537 | D        | Found Moshrih's Antique Armour Shoppe.
  1537 | D        | Found Gonus's Armour Emporium.
  1537 | D        | Found Hoaf's Antique Armour Emporium.
  1537 | D        | Found Feaciy's Weapon Shoppe.
  1538 | D        | Found Xicid's Jewellery Emporium.
  1538 | D        | Found Ifepeis's Distillery.
  1538 | D        | Found Liskaill's Antique Weapon Shoppe.
  1573 | D        | Reached ***** piety under Dithmenos
  1589 | D        | Found Ysyu's Book Shoppe.
  1590 | D        | Found Ycsigen's Distillery.
  1590 | D        | Found Gaucrip's Magic Scroll Emporium.
  1590 | D        | Found Eguewask's Food Emporium.
  1594 | D        | Found Canal's Magic Scroll Shoppe.
  1594 | D        | Found Peumm's Magic Scroll Emporium.
  1594 | D        | Noticed Menkaure
  1594 | D        | Noticed an oklob plant
  1595 | D        | Found Juapan's Jewellery Shoppe.
  1595 | D        | Found Nedexzir's Gadget Emporium.
  1595 | D        | Found Xor Oza's Book Shoppe.
  1598 | D        | Noticed a death yak
  1602 | D        | Bought a potion of curing for 33 gold pieces
  1602 | D        | Bought a potion of flight for 33 gold pieces
  1602 | D        | Bought a potion of curing for 33 gold pieces
  1602 | D        | Bought a potion of curing for 33 gold pieces
  1602 | D        | Bought a potion of curing for 33 gold pieces
  1614 | D        | Bought a runed robe for 81 gold pieces
  1675 | D        | Killed Menkaure
  1999 | D        | Noticed Roxanne
  2005 | D        | Noticed Kirke
  2005 | D        | Noticed a skeletal warrior
  2005 | D        | Noticed a yaktaur captain
  2006 | D        | Noticed a centaur warrior
  2007 | D        | Noticed an elephant
  2011 | D        | Mangled by a yaktaur captain

Skill      XL: |  1  2  3  4  5  6  7  8  9 10 |
---------------+-------------------------------+-----
Fighting       | 5 |  5.2
Short Blades   | 10 11 | 11.4
Stealth        | 10 12 14 16 19 20 | 20.7
Spellcasting   | 5 9 11 13 14 | 14.2
Hexes          | 6 9 11 13 14 | 14.3
Conjurations   | 3 |  3.8
Dodging        | |  3.0

Action                   |  1- 3 |  4- 6 |  7- 9 | 10-12 || total
-------------------------+-------+-------+-------+-------++-------
Melee: Dagger            |     9 |     1 |    30 |    39 ||    79
 Cast: Confuse           |       |       |     5 |    13 ||    18
       Ensorcelled Hiber |       |       |     4 |     6 ||    10
       Dazzling Spray    |       |       |     1 |       ||     1
Invok: Shadow Step       |       |       |       |     2 ||     2
  Use: Potion            |     1 |       |       |     1 ||     2
 Stab: Sleeping          |       |     1 |     9 |     9 ||    19
       Confused          |       |       |     7 |     7 ||    14
Dodge: Dodged            |     4 |       |    10 |    12 ||    26
